Unix NetHack Version 5.0.0-0 post-release - last build Jun 10 2026 00:39:30 (3ee93aec679c4c4259841fe613dc97188e26a321,branch:main).

Game began 2026-06-18 22:10:50, ended 2026-06-19 01:26:51.

IanCurtis, chaotic male elven Wizard

            -      -------         -- --  --     ------
    .               |...|   .            .          ..|
                    |...|---------------------------..|
     - - -          |...|..........................|..|
   . |         |.----%..|.............<............|..|
  |  |           |....|.|................)...).....|.@-.
             -   |....|............................|.f|.
                 ---..------------------------------..| .
  |                |...     .              .    .. .G.|  .
              ------..-            - -             -..|.
   .    -     |.......|- -     -         -   -
   .  .   .   -----.--                      .                .
   --    .  -    .            --   -      .  -     -     ..  ..
           -   .                 -    -  -     .
             .                  .   ...     --------------------
     -                    -  --          -  ....%..)...........|    .
        .                                 . ...%.....(.........|
      -  -  ---                             ----- --------------
IanCurtis the Thaumaturge  St:11 Dx:13 Co:14 In:19 Wi:14 Ch:8  Chaotic
Dlvl:11 $:66 HP:0(53) Pw:14(106) AC:4  Xp:8 T:5451 

Latest messages:
 You see here a gnome corpse.
 You hear a nearby zap.
 F - a tripe ration.
 You see here a bag.
 You hear a nearby zap.
 You materialize in a different location!
 The iguana bites!
 You miss the iguana.
 The iguana bites!
 You hit the iguana.
 You hit the iguana!
 You knock the iguana backward with a powerful strike!
 You kill the iguana!
 You stop searching.
 You stop searching.
 The quantum mechanic hits!
 Your position suddenly seems very uncertain!
 You materialize in a different location!
 You find a hidden door.
 You already found a monster.  Use 'm' prefix to force another search.
 This door is locked.
 Unlock it with your lock pick? [ynq] (q) y
 You succeed in picking the lock.
 The gnome hits!
 The door resists!
 You hit the gnome!
 The gnome hits!
 The door resists!
 The door resists!
 The door opens.
 You kill the gnome!
 The giant spider bites!
 What do you want to zap? [cMU or ?*] <space>
 Never mind.
 The air around you begins to shimmer with a golden haze.
 The gnome shoots 2 crossbow bolts!
 You are hit by the 1st crossbow bolt!
 You are hit by the 2nd crossbow bolt.
 The giant spider bites!
 The giant spider bites!
 The giant spider's bite was poisoned!
 In what direction? .
 You feel better.
 The tiger hits!
 The tiger hits again!
 The tiger bites!
 The giant spider bites!
 The tiger hits!
 You die...
 Do you want your possessions identified? [ynq] (y) q

Inventory:
 Coins    ('$')
  $ - 66 gold pieces
 Weapons  (')')
  y - 11 +2 crossbow bolts
  x - 4 +0 crossbow bolts
  S - a +0 knife
  a - a blessed +1 quarterstaff (weapon in hands)
 Armor    ('[')
  p - an uncursed +0 orcish helm (being worn)
  u - an uncursed +0 cloak of displacement
  b - an uncursed +0 cloak of magic resistance (being worn)
 Comestibles  ('%')
  F - an uncursed tripe ration
  t - an uncursed tin of french fried soldier meat
 Scrolls  ('?')
  G - an uncursed scroll of amnesia
  m - 2 uncursed scrolls of blank paper
  E - 2 uncursed scrolls of create monster
  w - a blessed scroll of destroy armor
  i - an uncursed scroll of destroy armor
  l - an uncursed scroll of genocide
  C - an uncursed scroll of identify named identify
  q - a blessed scroll of light
  j - an uncursed scroll of magic mapping
  D - 2 uncursed scrolls of teleportation
 Spellbooks  ('+')
  g - an uncursed spellbook of protection
 Potions  ('!')
  f - a blessed potion of restore ability
  h - an uncursed potion of water
 Rings    ('=')
  B - an uncursed ring of cold resistance
  s - a cursed ring of hunger
  z - an uncursed ring of levitation
  K - an uncursed ring of polymorph
  v - an uncursed ring of shock resistance
  J - an uncursed ring of sustain ability
  e - an uncursed ring of teleport control
 Wands    ('/')
  M - a wand of create monster (0:13)
  U - a wand of magic missile (0:2)
  c - a wand of probing (0:8)
 Tools    ('(')
  o - an uncursed wooden harp
  L - an uncursed blindfold
  k - an uncursed lock pick
  n - a magic marker (0:21)
  I - an uncursed magic whistle
  r - an uncursed oil lamp
  d - a +0 pick-axe
  H - an uncursed towel

IanCurtis the Wizard's attributes:

Background:
 You were a Thaumaturge, a level 8 male elven Wizard.
 You were chaotic, on a mission for Anhur
 who was opposed by Ptah (lawful) and Thoth (neutral).
 You were right-handed.
 You were in the Gnomish Mines, on level 11.
 You entered the dungeon 5451 turns ago.
 It was nighttime.
 You had 1585 experience points, 975 more were needed to attain level 9.

Basics:
 You had 0 out of 53 hit points.
 You had 14 out of 106 energy points (spell power).
 Your armor class was 4.
 Your wallet contained 66 zorkmids.
 Autopickup was off.

Final Characteristics:
 Your strength was 11 (limit:18).
 Your dexterity was 13 (limit:18).
 Your constitution was 14 (limit:16).
 Your intelligence was 19 (limit:20).
 Your wisdom was 14 (limit:20).
 Your charisma was 8 (limit:18).

Final Status:
 You weren't hungry.
 You were unencumbered.
 You were wielding a quarterstaff.
 You were skilled in quarterstaff.

Final Attributes:
 You were piously aligned.
 You were magic-protected.
 You were sleep resistant.
 You had infravision.
 You had a small defense bonus (+4).
 You were warded.
 You are dead.

Miscellaneous:
 You didn't encounter any bones levels.
 Total elapsed playing time was 48 minutes and 14 seconds.

Major events:
 Turn
    1: IanCurtis the chaotic male elven Wizard entered the dungeon
  586: entered the Gnomish Mines
  598: attained the rank of Conjurer (level 3)
 1706: reached Mine Town
 1750: attained the rank of Thaumaturge (level 6)
 5451: killed by a tiger

Spells:
 Name                 Level Category     Fail Retention
 force bolt             1   attack         0%   71%-75%
 protection             1   clerical       0%   51%-75%
 healing                1   healing        0%   51%-75%
 create familiar        6   clerical     100%  76%-100%

Skills:
 Fighting Skills
   bare handed combat [Unskilled]
   riding             [Unskilled]
 Weapon Skills
   dagger             [Unskilled]
   knife              [Unskilled]
   axe                [Unskilled]
   short sword        [Unskilled]
   club               [Unskilled]
   mace               [Unskilled]
   quarterstaff       [Skilled]
   polearms           [Unskilled]
   spear              [Unskilled]
   trident            [Unskilled]
   sling              [Unskilled]
   dart               [Unskilled]
   shuriken           [Unskilled]
 Spellcasting Skills
   attack spells      [Skilled]
   healing spells     [Unskilled]
   divination spells  [Unskilled]
   enchantment spells [Basic]
   clerical spells    [Unskilled]
   escape spells      [Unskilled]
   matter spells      [Unskilled]

Voluntary challenges:
 Character rerolling was not enabled.
 You never genocided any monsters.
 You never polymorphed an object.
 You never changed form.
 You used no wishes.
Achievements:
 You entered the Gnomish Mines.
 You attained the rank of Conjurer.
 You entered Minetown.
 You attained the rank of Thaumaturge.
 You entered a temple.
 You entered a shop.

 The Dungeons of Doom: levels 1 to 3
    Level 1:
       A fountain, a grave.
    Level 2:
       Many fountains.
       Stairs down to The Gnomish Mines.
    Level 3: "vault"
 The Gnomish Mines: levels 3 to 11
    Level 3:
    Level 4:
    Level 5:
    Level 6:
       Many shops, a temple and an altar to Anhur, many fountains.
    Level 7:
    Level 8:
    Level 9:
    Level 10:
    Level 11: <- You were here.
       Final resting place for
          you, killed by a tiger.


Vanquished creatures:
  a stalker
  4 watchmen
  a giant beetle
  2 gnome rulers
  a dwarf mummy
  a dust vortex
  a plains centaur
  a gnome mummy
  a wood nymph
  3 Mordor orcs
  2 rock moles
  a pony
  a yellow light
  a violet fungus
  7 gnome leaders
  6 gnomish wizards
  a straw golem
  a paper golem
  a giant ant
  3 kittens
 14 dwarves
  2 hill orcs
  a rothe
  a giant bat
  5 iguanas
  a hobgoblin
  a giant rat
  4 cave spiders
 53 gnomes
  a gnome zombie
  2 geckos
  6 jackals
  2 kobolds
  6 goblins
  2 sewer rats
  a grid bug
  4 lichens
  a kobold zombie
  3 newts
150 creatures vanquished.

No species were genocided or became extinct.

Game over:
                       ----------
                      /          \
                     /    REST    \
                    /      IN      \
                   /     PEACE      \
                  /                  \
                  |    IanCurtis     |
                  |      66 Au       |
                  |   killed by a    |
                  |      tiger       |
                  |                  |
                  |                  |
                  |       2026       |
                 *|     *  *  *      | *
        _________)/\\_//(\/(/\)/\//\/|_)_______

Goodbye IanCurtis the Wizard...

You died in The Gnomish Mines on dungeon level 11 with 6910 points,
and 66 pieces of gold, after 5451 moves.
You were level 8 with a maximum of 53 hit points when you died.

